Map: [ESL] Ancient Cistern

Players

SKillous

  • Race: Protoss Protoss
  • League: Grandmaster
  • Spawn Location: 1:00

ShoWTimE - Winner!

  • Race: Protoss Protoss
  • League: Grandmaster
  • Spawn Location: 7:00

Event: HomeStory Cup XXIII

VOD

Have the link to the VOD?

Description

Time

  • Played on: July 2, 2023, 7:59 a.m.
  • Length: 6:09

All games in this series

Show
View Real Time Build Order
Export as new Build Order

SKillous Protoss 

Build Orders: Blink Stalkers 

Get SALT Encoding   

  12  0:00  Probe  
  13  0:12  Probe  
  14  0:17  Pylon  
  14  0:24  Probe  
  15  0:35  Gateway  
  15  0:36  Probe (Chrono Boost)  
  16  0:46  Probe (Chrono Boost), Assimilator  
  17  0:51  Probe (Chrono Boost)  
  17  0:54  Assimilator  
  18  1:03  Probe (Chrono Boost)  
  19  1:07  Gateway  
  20  1:12  Probe (Chrono Boost)  
  20  1:17  Probe (Chrono Boost)  
  20  1:23  Cybernetics Core  
  21  1:30  Probe  
  22  1:40  Pylon  
  22  1:42  Probe  
  23  1:58  Warp Gate (Chrono Boost)  
  23  1:59  Gateway  
  23  2:01  Stalker  
  25  2:04  Stalker  
  27  2:11  Pylon  
  27  2:14  Probe  
  28  2:31  Stalker  
  28  2:34  Stalker  
  32  2:51  Stalker  
  33  3:04  Nexus  
  34  3:16  Pylon  
  33  3:24  Twilight Council  
  34  3:40  Stalker x2  
  34  3:41  Sentry  
  39  3:42  Probe  
  40  3:51  Blink (Chrono Boost)  
  40  3:54  Probe  
  41  4:06  Probe, Stalker  
  44  4:17  Stalker  
  44  4:18  Probe  
  44  4:20  Probe  
  48  4:30  Probe  
  49  4:37  Stalker  
  52  4:40  Stalker  
  52  4:45  Probe, Pylon  
  54  5:02  Pylon  
  54  5:03  Probe  
  54  5:04  Stalker x2  
  59  5:09  Probe  
  60  5:15  Probe  
  60  5:17  Dark Shrine  
  62  5:21  Probe  
  62  5:25  Assimilator  
  62  5:27  Probe  
  63  5:33  Probe (Chrono Boost)  
  64  5:40  Probe (Chrono Boost)  
  65  5:45  Probe (Chrono Boost)  
  65  5:49  Probe (Chrono Boost)  
  67  5:51  Probe (Chrono Boost)  
  67  5:53  Pylon  
  67  5:54  Probe  
Show
View Real Time Build Order
Export as new Build Order

ShoWTimE Protoss - Winner!

Build Orders: Phoenix Opening 

Get SALT Encoding   

  12  0:00  Probe  
  13  0:12  Probe  
  14  0:17  Pylon  
  14  0:24  Probe (Chrono Boost)  
  15  0:36  Probe (Chrono Boost)  
  15  0:37  Gateway  
  16  0:44  Probe (Chrono Boost)  
  16  0:46  Assimilator  
  17  0:50  Probe  
  17  0:53  Assimilator  
  18  1:03  Probe (Chrono Boost)  
  19  1:07  Gateway  
  19  1:13  Probe (Chrono Boost)  
  19  1:18  Probe (Chrono Boost)  
  20  1:23  Cybernetics Core  
  21  1:29  Probe  
  22  1:34  Pylon  
  22  1:41  Probe  
  23  1:54  Probe  
  23  1:57  Warp Gate (Chrono Boost)  
  23  1:59  Stalker  
  26  2:06  Sentry  
  28  2:15  Pylon  
  28  2:29  Stalker  
  30  2:33  Sentry  
  32  2:41  Nexus  
  32  2:52  Shield Battery  
  32  2:56  Stalker  
  34  2:59  Sentry  
  34  3:02  Probe  
  37  3:10  Pylon  
  37  3:15  Probe  
  38  3:27  Probe  
  39  3:37  Stalker x2  
  43  3:42  Twilight Council  
  43  3:43  Probe  
  43  3:46  Phoenix  
  44  3:53  Probe  
  44  3:55  Probe  
  46  4:02  Stalker x2  
  46  4:09  Pylon  
  50  4:11  Probe  
  50  4:13  Probe  
  52  4:23  Probe  
  53  4:25  Probe  
  53  4:27  Dark Shrine  
  54  4:32  Gateway  
  54  4:35  Probe  
  54  4:37  Probe  
  56  4:47  Phoenix, Probe  
  56  4:50  Probe  
  58  4:54  Assimilator  
  59  5:00  Probe  
  59  5:01  Shield Battery  
  59  5:02  Stalker  
  59  5:03  Probe  
  62  5:08  Stalker  
  62  5:12  Pylon  
  64  5:23  Pylon  
  64  5:24  Gateway  
  64  5:33  Pylon  
  64  5:37  Probe x2  
  64  5:39  Dark Templar  
  68  5:43  Stalker x2  
  68  5:49  Probe  
  73  5:51  Probe  
  73  5:52  Pylon  
Tags
 
Add a new tag
Caveats
  • Supply blocks, unpowered buildings, or Contaminate may cause inaccurate times.
  • Supply counts are checked every 10 seconds.